 Dungeon Crawl Stone Soup version 0.28.0-43-g3370ac3207 (webtiles) character file.

Game seed: 10603579759673177381

1519 terff the Thaumaturge (level 8, -3/43 HPs)
             Began as a Deep Elf Necromancer on Mar 22, 2022.
             Was an Initiate of Kikubaaqudgha.
             Slain by an iguana (8 damage)
             ... on level 7 of the Dungeon.
             The game lasted 00:38:42 (8856 turns).

terff the Thaumaturge (Deep Elf Necromancer)        Turns: 8856, Time: 00:38:43

Health: -3/43      AC:  8    Str:  5    XL:     8   Next: 54%
Magic:  9/23       EV: 14    Int: 23    God:    Kikubaaqudgha [......]
Gold:   595        SH:  5    Dex: 21    Spells: 15/26 levels left

rFire   . . .      SeeInvis .   m - +2 dagger (venom)
rCold   . . .      Faith    .   (no shield)
rNeg    . . .      Spirit   .   b - +2 robe {Archmagi}
rPois   +          Reflect  +   (no helmet)
rElec   .          Harm     .   f - +2 cloak {rPois}
rCorr   .          Rampage  .   (no gloves)
Will    +....      Archmagi +   i - +0 pair of boots
Stlth   +++.......              s - amulet of reflection
HPRegen 0.14/turn               c - +6 ring of dexterity
MPRegen 0.18/turn               t - ring of willpower

@: very slightly contaminated
A: no striking features
a: Renounce Religion


You were on level 7 of the Dungeon.
You worshipped Kikubaaqudgha.
Kikubaaqudgha was noncommittal.
You visited 2 branches of the dungeon, and saw 8 of its levels.

You collected 1157 gold pieces.
You spent 562 gold pieces at shops.

Inventory:

Hand Weapons
 k - a +1 vampiric dagger
 m - a +2 dagger of venom (weapon)
 o - a +3 spear of venom
Missiles
 j - a throwing net
Armour
 a - a +1 robe
 b - a +2 robe of the Archmagi (worn)
 f - a +2 cloak of poison resistance (worn)
 i - a +0 pair of boots (worn)
Jewellery
 c - a +6 ring of dexterity (left hand)
 n - a ring of poison resistance
 s - an amulet of reflection (around neck)
 t - a ring of willpower (right hand)
Wands
 p - a wand of iceblast (8)
 u - a wand of mindburst (28)
Scrolls
 e - a scroll of vulnerability
Potions
 d - a potion of cancellation
 g - 4 potions of mutation
 h - a potion of magic
 l - a potion of might
 q - a potion of curing
 r - a potion of resistance
 v - a potion of haste


   Skills:
 + Level 1.2 Fighting
 + Level 2.4 Short Blades
 + Level 4.1 Dodging
 + Level 3.3 Stealth
 + Level 0.3 Shields
 + Level 9.6 Spellcasting
 + Level 9.2 Necromancy


You had 15 spell levels left.
You knew the following spells:

 Your Spells              Type           Power      Damage    Failure   Level
a - Pain                  Necr           100%       1d9       1%          1
b - Animate Skeleton      Necr           100%       N/A       1%          1
c - Animate Dead          Necr           34%        N/A       1%          4
d - Agony                 Necr           69%        N/A       3%          5

Your spell library contained the following spells:

 Spells                   Type           Power      Damage    Failure   Level
 Vampiric Draining        Necr           69%        2d10      1%          3
 Slow                     Hex            64%        N/A       6%          1
 Confusing Touch          Hex            16%        N/A       19%         3
 Conjure Flame            Conj/Fire      16%        6-21      19%         3
 Ignite Poison            Fire/Tmut/Pois 16%        N/A       19%         3
 Inner Flame              Hex/Fire       16%        N/A       19%         3
 Cause Fear               Hex            8%         N/A       52%         4
 Sticky Flame             Conj/Fire      16%        2d4       52%         4
 Discord                  Hex            8%         N/A       100%        8


Dungeon Overview and Level Annotations

Branches:
Dungeon (7/15)             Temple (1/1) D:6

Altars:
Ashenzari
Cheibriados
Elyvilon
Gozag
Hepliaklqana
Kikubaaqudgha
Makhleb
Nemelex Xobeh
Okawaru
Qazlal
Ru
Sif Muna
Uskayaw
Wu Jian
Xom
Yredelemnul
Zin

Shops:
D:2 [?!   D:3 [

Annotations:
D:4 3 runed translucent doors, Icepheonix32's ghost, novice DsFi; Icepheonix32's ghost, weakling SpDe; WaxSun's ghost, amateur OgFE; styxcanada's ghost, amateur SpBr


Message History

The spell is quite dangerous to miscast (4% risk of failure)!
Continue anyway?
Aiming: Agony (quite dangerous; 4% risk of failure)
Press: ? - help, Shift-Dir - straight line, f/p - ogre
Aim: an ogre, wielding a +0 giant club (severely wounded, chance to affect: 100%)
You feel a surge of power!
The ogre convulses!
Casting: Agony (quite dangerous; 4% risk of failure)
Confirm with . or Enter, or press ? or * to list all spells.
Aiming: Pain (safe; 1% risk of failure)
Press: ? - help, Shift-Dir - straight line, f/p - ogre
Aim: an ogre, wielding a +0 giant club (almost dead, chance to affect: 83%)
You feel a surge of power!
The ogre writhes in agony!
You kill the ogre!
Kikubaaqudgha accepts your kill.
You hit the iguana but do no damage.
The iguana is poisoned.
The iguana bites you!
* * * LOW HITPOINT WARNING * * *
Casting: Pain (safe; 1% risk of failure)
Confirm with . or Enter, or press ? or * to list all spells.
Aiming: Pain (safe; 1% risk of failure)
Press: ? - help, Shift-Dir - straight line, f - iguana
Aim: an iguana (moderately wounded, poisoned, chance to affect: 88%)
You feel a surge of power!
The iguana writhes in agony.
The iguana closely misses you.
Casting: Pain (safe; 1% risk of failure)
Confirm with . or Enter, or press ? or * to list all spells.
Aiming: Pain (safe; 1% risk of failure)
Press: ? - help, Shift-Dir - straight line, f/p - iguana
Aim: an iguana (severely wounded, poisoned, chance to affect: 88%)
You feel a surge of power!
The iguana barely resists.
The iguana looks more healthy.
The iguana closely misses you.
Casting: Pain (safe; 1% risk of failure)
Confirm with . or Enter, or press ? or * to list all spells.
Aiming: Pain (safe; 1% risk of failure)
Press: ? - help, Shift-Dir - straight line, f/p - iguana
Aim: an iguana (almost dead, chance to affect: 88%)
You feel a surge of power!
You miscast Pain.
You are very lightly contaminated with residual magic.
Nothing appears to happen.
The iguana bites you!
You die...
Kikubaaqudgha rasps: "You have failed me!
Welcome... death!"

# #
##....(##
##...##
##.## #.#
###.#
#...#
#.### #l#
#@# #.#
#.# #.#
#.# #.#
#.# #.#
#.#


You could see an iguana.

Vanquished Creatures
  Prince Ribbit (D:6)
  A water moccasin (D:6)
  A black bear (D:4)
  2 ogres
  2 kobold brigands
  3 scorpions
  A water moccasin zombie (D:5)
  A water moccasin skeleton (D:5)
  A bullfrog zombie (D:6)
  A hound (D:5)
  3 iguanas
  2 orc wizards
  A killer bee zombie (D:5)
  6 adders
  5 gnolls (D:4)
  A white imp (D:6)
  A dart slug (D:3)
  10 orcs
  12 ball pythons
  8 bats
  7 endoplasms
  A giant cockroach (D:1)
  6 goblins
  11 hobgoblins
  4 jackals
  13 kobolds
  A quokka (D:1)
  A frilled lizard (D:1)
  2 quokka skeletons (D:4)
  6 rats
115 creatures vanquished.

Vanquished Creatures (collateral kills)
  A phantom (D:4)
  A hound (D:4)
  A gnoll (D:4)
  A ball python (D:4)
  A kobold (D:5)
5 creatures vanquished.

Vanquished Creatures (others)
  2 withered plants (D:4)
2 creatures vanquished.

Grand Total: 122 creatures vanquished

Notes
Turn   | Place    | Note
-------+----------+-------------------------------------------
     0 | D:1      | terff the Deep Elf Necromancer began the quest for the Orb.
     0 | D:1      | Reached XP level 1. HP: 10/10 MP: 6/6
    92 | D:1      | Reached skill level 5 in Necromancy
   356 | D:1      | Reached XP level 2. HP: 13/15 MP: 5/8
   710 | D:1      | Reached XP level 3. HP: 3/19 MP: 6/10
   992 | D:1      | Learned a level 1 spell: Animate Skeleton
  1371 | D:2      | Found an ornate altar of the Wu Jian Council.
  1414 | D:2      | Found Wascheukh's Magic Scroll Emporium.
  1479 | D:2      | Identified the +1 chain mail of the Peculiar Brambles
                  | {Rampage}
  1589 | D:2      | Found Ylerof's Distillery.
  1738 | D:2      | Found Sedetep's Armour Emporium.
  1871 | D:3      | Found Welalu's Armour Emporium.
  1994 | D:3      | Found a white marble altar of Elyvilon.
  2005 | D:3      | Found an ornate altar of the Wu Jian Council.
  2076 | D:3      | Reached XP level 4. HP: 20/24 MP: 8/12
  2214 | D:3      | Reached skill level 5 in Spellcasting
  2442 | D:3      | Found a faded altar of an unknown god.
  2591 | D:3      | Found a broken altar of Ashenzari.
  3271 | D:4      | Reached XP level 5. HP: 17/28 MP: 6/14
  3328 | D:5      | Entered Level 5 of the Dungeon
  3405 | D:4      | HP: 1/28 [hound (4)]
  3490 | D:4      | Found a runed translucent gate.
  3494 | D:4      | Found a runed translucent gate.
  3495 | D:4      | Found a runed translucent gate.
  3496 | D:4      | Noticed styxcanada's ghost (amateur SpBr)
  3498 | D:4      | Noticed WaxSun's ghost (amateur OgFE)
  3498 | D:4      | Noticed Icepheonix32's ghost (novice DsFi)
  3498 | D:4      | Noticed Icepheonix32's ghost (weakling SpDe)
  3774 | D:4      | Identified a scroll of acquirement
  3774 | D:4      | Acquired 943 gold pieces
  3953 | D:3      | Bought a +2 robe of the Archmagi for 377 gold pieces
  3953 | D:3      | Bought a +2 cloak of poison resistance for 185 gold pieces
  4779 | D:4      | HP: 1/28 [poisoned by an orc wizard]
  5022 | D:5      | Noticed a phantom
  5023 | D:5      | Noticed a black bear
  5027 | D:5      | Reached XP level 6. HP: 29/32 MP: 14/17
  5493 | D:5      | Reached XP level 7. HP: 22/37 MP: 12/19
  6196 | D:5      | Reached skill level 1 in Fighting
  6387 | D:5      | Reached skill level 1 in Short Blades
  6990 | D:5      | Found a basalt altar of Yredelemnul.
  7099 | D:5      | Learned a level 4 spell: Animate Dead
  7360 | D:6      | Reached XP level 8. HP: 27/43 MP: 11/22
  7427 | D:6      | Noticed Prince Ribbit
  7547 | D:6      | Killed Prince Ribbit
  7602 | D:6      | Learned a level 5 spell: Agony
  8097 | D:6      | Found a staircase to the Ecumenical Temple.
  8107 | Temple   | Entered the Ecumenical Temple
  8118 | Temple   | Became a worshipper of Kikubaaqudgha
  8856 | D:7      | Slain by an iguana

Illustrated notes

Levels and vault maps discovered:
D:1:      dpeg_arrival_round_a, layout_basic, minmay_3d_cube
D:2:      layout_rooms, serial_shops, shop, nicolae_shop_hallway_plus,
          nicolae_shop_crystal, basic_altar, lightli_corner_chamber
D:3:      layout_loops_corners, ashenzari_conservatory_becter,
          mainiacjoe_overflow_catwalk_spiral, ebering_ecumenical_altar_box,
          serial_shops, shop, kennysheep_generic_room_5
D:4:      nicolae_cairo_tiling_large, layout_cave_pools,
          gammafunk_ghost_cemetery, serial_park_tiny_pond, minivault_19
D:5:      layout_rooms, yredelemnul_altar_generic, st_stairs_5
D:6:      layout_loops_cross, minmay_temple_entry_statues_fountains,
          uniq_maggie, uniq_prince_ribbit1
D:7:      layout_loops_ring, bloody_trog, uniq_menkaure, uniq_crazy_yiuf_cottage
Temple:   nicolae_temple_x_marks_the_god

Skill      XL: |  1  2  3  4  5  6  7  8 |
---------------+-------------------------+-----
Necromancy     | 5 6 7 8 9 |  9.2
Spellcasting   | 4 5 6 7 8 9 |  9.6
Stealth        | 3 |  3.3
Dodging        | 3 4 |  4.1
Fighting       | 1 |  1.2
Short Blades   | 1 2 |  2.4
Shields        | |  0.3

Action                   |  1- 3 |  4- 6 |  7- 9 || total
-------------------------+-------+-------+-------++-------
Melee: Unarmed           |     3 |       |       ||     3
       Whip              |     2 |       |       ||     2
       Spear             |       |    10 |       ||    10
       Punch             |       |     1 |     3 ||     4
       Dagger            |       |    15 |   123 ||   138
 Cast: Pain              |    64 |   102 |    85 ||   251
       Animate Skeleton  |     2 |     6 |     2 ||    10
       Agony             |       |       |     2 ||     2
  Use: Scroll            |       |    12 |     7 ||    19
       Potion            |       |     2 |     1 ||     3
Armor: Robe              |     2 |    18 |    35 ||    55
Dodge: Dodged            |     6 |    71 |   104 ||   181
Block: Other             |       |       |    20 ||    20
